 Dungeon Crawl Stone Soup version 0.31-a0-818-ge7c7cf74f0 (webtiles) character file.

Game seed: 16414843583201731108

754 demibob the Impaler (level 7, -2/52 HPs)
             Began as a Merfolk Chaos Knight on Sept 23, 2023.
             Was a Plaything of Xom.
             Engulfed by a fire crab (shapeshifter)'s flame (17 damage)
             ... on level 5 of the Dungeon.
             The game lasted 00:04:33 (3464 turns).

demibob the Impaler (Merfolk Chaos Knight)          Turns: 3464, Time: 00:04:34

Health: -2/52      AC:  8    Str: 12    XL:     7   Next: 79%
Magic:  7/7        EV: 12    Int: 12    God:    Xom [..*...]
Gold:   224        SH:  0    Dex: 15    Spells: 6/6 levels left

rFire   . . .        a - +0 spear (chaos)
rCold   . . .        (no shield)
rNeg    . . .        b - +2 leather armour
rPois   .            c - +0 helmet
rElec   .            d - +0 cloak
rCorr   .            (no gloves)
SInv    +            f - +0 pair of boots
Will    .....        (no amulet)
Stlth   +            v - ring of see invisible
HPRegen 0.28/turn    (no ring)
MPRegen 0.10/turn

%: no passive effects
@: studying Polearms
A: (nimble swimmer 2), mertail
a: Renounce Religion


You were on level 5 of the Dungeon.
You worshipped Xom.
You were a toy of Xom.
You visited 1 branch of the dungeon, and saw 5 of its levels.

You collected 224 gold pieces.


Innate Abilities, Weirdness & Mutations

((You are very nimble when in or above water. (Stealth+, EV+, Speed+++)))
Your lower body shifts to a powerful aquatic tail in water.


   Skills:
 - Level 3.2 Fighting
 + Level 15.3 Polearms
 - Level 0.6 Armour
 - Level 2.6 Dodging


You had 6 spell levels left.
You didn't know any spells.
Your spell library contained the following spells:

 Spells                   Type           Power      Damage    Failure   Level
 Magic Dart               Conj           0%         1d3       38%         1
 Call Imp                 Summ           0%         N/A       54%         2
 Ensorcelled Hibernation  Hex/Ice        0%         N/A       54%         2
 Passwall                 Tmut/Erth      0%         N/A       54%         2
 Call Canine Familiar     Summ           0%         N/A       77%         3
 Mephitic Cloud           Conj/Pois/Air  0%         N/A       77%         3
 Sigil of Binding         Hex            0%         N/A       77%         3
 Swiftness                Air            0%         N/A       77%         3
 Dimensional Bullseye     Hex/Tloc       0%         N/A       99%         4
 Leda's Liquefaction      Hex/Erth       0%         N/A       99%         4

Inventory:

Hand Weapons
 a - a +0 spear of chaos (weapon)
 j - a +0 bardiche
Missiles
 i - a datura-tipped dart (quivered)
Armour
 b - a +2 leather armour (worn)
 c - a +0 helmet (worn)
 d - a +0 cloak (worn)
 f - a +0 pair of boots (worn)
Jewellery
 v - a ring of see invisible (left hand)
 M - a ring of magical power
 S - a +6 ring of strength
Wands
 m - a wand of polymorph (6)
Scrolls
 h - a scroll of revelation
 l - 2 scrolls of noise
Potions
 g - 2 potions of enlightenment
 k - a potion of heal wounds {@q2}

Dungeon Overview and Level Annotations

Branches:
Dungeon (5/15)
 Temple: D:4-7

Altars:
Elyvilon
Nemelex Xobeh
Yredelemnul
Zin

#...# .#
#.#.# .#
#.#.# .#
#####.#.###.#
#...........#
..#.........#
......○..>..#
#...t○○@..#
#....☼°○..#
#....○○○○.#
#.........#
#.........#
#.....>...#
#.........#
###########


You could see a fire crab shaped shifter (petrifying, extremely poisoned).


Message History

k - a potion of heal wounds
There is a stone staircase leading down here.
You climb downwards.
Found two stone staircases leading down.
There is a stone staircase leading up here.
A hound is nearby!
You reach to attack!
The helpless hound fails to defend itself.
You hit the hound but do no damage.
You reach to attack!
You closely miss the hound. You hit the hound but do no damage.
The hound changes into a shapeshifter!
The shapeshifter changes into a fire crab!
You hit the fire crab but do no damage.
The fire crab is poisoned.
You hit the fire crab but do no damage.
The fire crab is moving more slowly.
Enter note: welp
Okay, then.
Okay, then.
Okay, then.
You hit the fire crab.
The fire crab looks as sick as possible!
The fire crab is lightly wounded.
The fire crab bites you!
You are engulfed in flames!
The fire crab claws you!
* * * LOW HITPOINT WARNING * * *
You are engulfed in flames!
* * * LOW HITPOINT WARNING * * *
The fire crab breathes flames at you.
The blast of flame engulfs you but does no damage.
You are engulfed in blazing flames.
You die...
Xom cackles wildly!

Skill      XL: |  1  2  3  4  5  6 |
---------------+-------------------+-----
Polearms       | 6 7 9 11 15 | 15.3
Fighting       | |  3.2
Armour         | |  0.6
Dodging        | |  2.6

Action                     |  1- 3 |  4- 6 |  7- 9 || total
---------------------------+-------+-------+-------++-------
  Melee: Spear             |    88 |   241 |    43 ||   372
         Punch             |       |     5 |       ||     5
  Throw: Dart              |       |     3 |       ||     3
    Use: Scroll            |     3 |     5 |     1 ||     9
         Potion            |       |     2 |       ||     2
   Stab: Sleeping          |     2 |     2 |     1 ||     5
         Paralysed         |     2 |     3 |       ||     5
 Armour: Leather armour    |    27 |    72 |    12 ||   111
  Dodge: Dodged            |    37 |    82 |     4 ||   123

Levels and vault maps discovered:
D:1:      minmay_arrival_four_circles, layout_loops_ring, st_stairs_2,
          minmay_hexomino_u4
D:2:      layout_loops_ring, basic_ecumenical_altar, chequers_avenue,
          uniq_natasha
D:3:      layout_rooms, mainiacjoe_overflow_catwalk
D:4:      layout_loops_ring, elyvilon_altar_3,
          nemelex_xobeh_ov_fountains_minmay, mainiacjoe_overflow_boulevard,
          nicolae_houndstooth_variations, uniq_pikel
D:5:      nicolae_cairo_tiling_large, layout_rooms, lightli_temple_of_fire,
          uniq_grinder

Notes
Turn   | Place    | Note
-------+----------+-------------------------------------------
     0 | D:1      | demibob the Merfolk Chaos Knight began the quest for the
                  | Orb.
     0 | D:1      | Reached XP level 1. HP: 18/18 MP: 1/1
    74 | D:1      | Reached XP level 2. HP: 19/24 MP: 2/2
   165 | D:1      | Reached skill level 5 in Polearms
   253 | D:1      | Reached skill level 6 in Polearms
   253 | D:1      | Reached XP level 3. HP: 25/29 MP: 3/3
   399 | D:1      | Reached skill level 7 in Polearms
   887 | D:2      | Reached XP level 4. HP: 35/35 MP: 4/4
   983 | D:2      | Noticed Natasha
   991 | D:2      | Killed Natasha
   992 | D:2      | Reached skill level 8 in Polearms
  1334 | D:2      | Found a faded altar of an unknown god.
  1344 | D:2      | Noticed Natasha
  1351 | D:2      | XOM: cast spell 'Call Canine Familiar'
  1352 | D:2      | Killed Natasha
  1353 | D:2      | Reached skill level 9 in Polearms
  1353 | D:2      | Reached XP level 5. HP: 38/41 MP: 5/5
  1467 | D:2      | Noticed Natasha
  1469 | D:2      | XOM: potion effect (invisibility)
  1475 | D:2      | Killed Natasha
  1683 | D:3      | Found a basalt altar of Yredelemnul.
  1683 | D:3      | XOM: 2-stop teleportation journey
  1717 | D:3      | Reached skill level 10 in Polearms
  1884 | D:3      | XOM: snakes to sticks
  2134 | D:3      | Reached skill level 11 in Polearms
  2149 | D:3      | Reached XP level 6. HP: 47/47 MP: 6/6
  2380 | D:4      | XOM: 3-stop teleportation journey
  2414 | D:4      | XOM: enchant monster (good)
  2508 | D:4      | Found a sparkling altar of Nemelex Xobeh.
  2574 | D:4      | XOM: enchant monster (good)
  2576 | D:4      | XOM: cleaving
  2669 | D:4      | Noticed Pikel
  2678 | D:4      | XOM: blink monster(s)
  2696 | D:4      | XOM: scenery: summon butterflies
  2718 | D:4      | XOM: silly message
  2738 | D:4      | HP: 4/47 [Pikel/+0 whip of flaming (4)]
  2739 | D:4      | Killed Pikel
  2740 | D:4      | Reached skill level 15 in Polearms
  2740 | D:4      | Reached XP level 7. HP: 5/52 MP: 7/7
  3233 | D:4      | Found a white marble altar of Elyvilon.
  3313 | D:4      | XOM: silly message
  3369 | D:4      | Found a glowing silver altar of Zin.
  3456 | D:5      | Entered Level 5 of the Dungeon
  3459 | D:5      | a hound changed into a shapeshifter
  3459 | D:5      | Noticed a shapeshifter (shapeshifter)
  3459 | D:5      | a shapeshifter changed into a fire crab
  3459 | D:5      | Noticed a fire crab (shapeshifter)
  3462 | D:5      | >>welp
  3464 | D:5      | Engulfed by a fire crab (shapeshifter)'s flame

Vanquished Creatures
  Pikel (D:4)
  3 lemures (D:4)
  An orc priest (D:3)
  Natasha (thrice) (D:2)
  An iguana (D:4)
  3 adders
  4 gnolls (D:4)
  A worm (D:4)
  2 dart slugs
  10 orcs
  6 bats
  9 endoplasms
  5 giant cockroaches
  3 goblins
  3 hobgoblins
  11 jackals
  6 kobolds
  2 quokkas
  5 ball pythons
  3 frilled lizards (D:1)
  10 rats
92 creatures vanquished.

Vanquished Creatures (collateral kills)
  A gnoll (D:1)
  An endoplasm (D:1)
2 creatures vanquished.

Grand Total: 94 creatures vanquished

Table legend: (Time is in decaauts)
 A = Elapsed time spent in this place.
 B = Non-inter-level travel time spent in this place.
 C = Inter-level travel time spent in this place.
 D = Time resting spent in this place.
 E = Time spent auto-exploring this place.
 F = Levels seen in this place.
 G = Mean time per level.
                   A        B        C        D        E       F      G
               +--------+--------+--------+--------+--------+-----+--------+
         Total |   3316 |   3150 |    166 |     77 |   2541 |   5 |  663.2 |
       Dungeon |   3316 |   3150 |    166 |     77 |   2541 |   5 |  663.2 |
               +--------+--------+--------+--------+--------+-----+--------+

Top non-repeatable levels by time:
     D:4: 1029 daAuts
     D:2: 830 daAuts
     D:1: 766 daAuts
     D:3: 685 daAuts
     D:5: 4 daAuts

Table legend:
 A = Non-vault XP
 B = Vault XP
 C = Vault XP percentage of total XP
 D = Non-vault monster count
 E = Vault monster count
 F = Vault count percentage of total count
                 A         B        C        D         E       F
            +---------+---------+-------+---------+---------+-------
      Total |     397 |     681 |  63.2 |      81 |      10 |  11.0
            +---------+---------+-------+---------+---------+-------
        D:1 |      57 |      15 |  20.8 |      26 |       8 |  23.5
        D:2 |      99 |      37 |  27.2 |      16 |       1 |   5.9
        D:3 |     121 |       0 |   0.0 |      27 |       0 |   0.0
        D:4 |     120 |     629 |  84.0 |      12 |       1 |   7.7
            +---------+---------+-------+---------+---------+-------
